 Dungeon Crawl Stone Soup version 0.13-b1-23-g6bc71ad (webtiles) character file.

436 Kae the Ruinous (level 6, -2/32 HPs)
             Began as a Tengu Fire Elementalist on Oct 1, 2013.
             Killed from afar by Dowan (27 damage)
             ... with a shard of ice
             ... on Level 4 of the Dungeon.
             The game lasted 00:05:52 (2622 turns).

Kae the Ruinous (Tengu Fire Elementalist)           Turns: 2622, Time: 00:05:52

HP  -2/32        AC  4     Str  9      XL: 6   Next: 28%
MP   6/14        EV 12     Int 17      God:
Gold 154         SH  0     Dex 14      Spells:  3 memorised,  4 levels left

Res.Fire  : + . .   See Invis. : .   i - +0 dagger
Res.Cold  : x . .   Warding    : .   a - +0 robe
Life Prot.: . . .   Conserve   : .   (no shield)
Res.Poison: .       Res.Corr.  : .   (helmet restricted)
Res.Elec. : .       Clarity    : +   (no cloak)
Sust.Abil.: . .     Spirit.Shd : .   q - +1 pair of gauntlets
Res.Mut.  : .       Stasis     : .   (boots unavailable)
Res.Rott. : .       Flight     : .   y - amulet of clarity {unknown}
Saprovore : . . .                    (no ring)
                                     f - ring of fire

@: slightly resistant to hostile enchantments, fairly stealthy
A: able to fly, beak, talons 3
a: Fly


You were on level 4 of the Dungeon.
You were not hungry.

You visited 1 branch of the dungeon, and saw 4 of its levels.

You collected 134 gold pieces.

Inventory:

Hand weapons
 i - a +0,+0 dagger (weapon)
Missiles
 h - 5 silver darts (quivered)
 v - 27 darts
Armour
 a - a +0 robe (worn)
 q - a +1 pair of gauntlets (worn)
 x - a +0 pair of gloves
Comestibles
 c - 3 bread rations
 m - 14 strawberries
 o - a choko
 p - an apple
 r - a pear
 t - an orange
 u - a meat ration
 A - 3 rotting chunks of orc flesh
Scrolls
 d - 6 scrolls of identify {unknown}
 e - a scroll of noise {unknown}
 g - 2 scrolls of blinking {unknown}
 k - a scroll of curse weapon {unknown}
 n - 3 scrolls of recharging {unknown}
 w - 2 scrolls of remove curse {unknown}
Jewellery
 f - a ring of fire (left hand)
 y - an amulet of clarity (around neck) {unknown}
Potions
 j - 2 potions of curing
 l - 2 potions of heal wounds
 s - a potion of agility {unknown}
Books
 b - a book of Flames

   Spells                             Type                      Level
   *Flame Tongue                      Conjuration/Fire             1
   *Throw Flame                       Conjuration/Fire             2
   *Conjure Flame                     Conjuration/Fire             3
   Inner Flame                        Hexes/Fire                   3
   Sticky Flame                       Conjuration/Fire             4
   Fireball                           Conjuration/Fire             5


   Skills:
 - Level 2.1 Dodging
 - Level 2.0 Stealth
 + Level 2.8 Spellcasting
 * Level 5.8 Conjurations
 + Level 4.5 Fire Magic


You had 4 spell levels left.
You knew the following spells:

 Your Spells              Type           Power        Failure   Level  Hunger
a - Flame Tongue          Conj/Fire      ####.        2%          1    #......
b - Throw Flame           Conj/Fire      ####..       3%          2    ##.....
c - Conjure Flame         Conj/Fire      ####....     10%         3    ###....


Dungeon Overview and Level Annotations

Branches:
Dungeon (4/27)
 Temple: D:4-7

Altars:

Annotations:
D:4 Dowan


Innate Abilities, Weirdness & Mutations

You can fly.
You have a beak for a mouth.
You have claws for feet.


Message History

You kill the worker ant!
You start resting.
Dowan says, "How can I live without her?"
Casting: Flame Tongue
Confirm with . or Enter, or press ? or * to list all spells.
Aiming: Flame Tongue
Press: ? - help, Shift-Dir - straight line, f - Dowan
Aim: Dowan, wielding an elven dagger and wearing an elven robe (moving very quickly)
You feel a surge of power!
The flame misses Dowan.
Dowan casts a spell.
Dowan blinks!
You start resting.
The smell of rotting flesh makes you sick. (slot A)
Casting: Flame Tongue
Confirm with . or Enter, or press ? or * to list all spells.
You can't see any susceptible monsters within range! (Use Z to cast anyway.) Dowan casts a spell at you.
The shard of ice hits you!
You feel a painful chill!
Ouch! That really hurt!
You die...

..#.....#.........
#.#.....#....##..#
........#..... ...
#.##....#.... e.#
#.......#..# #.#
........#..#####ยง#
...............#.#
........#....#.#.#
####....#....#.#@#
####...###...#.#.#.####
).....................#
###..#.###...#.#.#.##.#
..%....# #...#.#.#.#
#.#.##.# #...#.#.# #
#......# #.....#.#
#.#.######..####.#
.................#


You could see Dowan.

Vanquished Creatures
  Duvessa (D:4)
  A worker ant (D:4)
  2 orc wizards (D:4)
  4 gnolls (D:3)
  3 adders (D:2)
  2 worms (D:2)
  3 giant geckos
  4 orcs
  4 giant cockroaches
  6 hobgoblins
  2 jackals (D:2)
  6 kobolds
  2 quokkas (D:2)
  A ball python (D:1)
  3 bats
  2 giant newts
  A goblin (D:1)
  8 rats
55 creatures vanquished.

Notes
Turn   | Place    | Note
--------------------------------------------------------------
     0 | D:1      | Kae, the Tengu Fire Elementalist, began the quest for the Orb.
     0 | D:1      | Reached XP level 1. HP: 10/10 MP: 3/3
   280 | D:1      | Reached XP level 2. HP: 15/15 MP: 3/5
   965 | D:2      | Reached XP level 3. HP: 19/19 MP: 2/7
  1008 | D:2      | Learned a level 2 spell: Throw Flame
  1430 | D:2      | Reached XP level 4. HP: 24/24 MP: 1/9
  1437 | D:2      | Learned a level 3 spell: Conjure Flame
  1558 | D:2      | Reached skill level 4 in Conjurations
  2223 | D:3      | Reached XP level 5. HP: 25/28 MP: 7/11
  2327 | D:4      | Reached skill level 5 in Conjurations
  2462 | D:4      | Noticed Duvessa
  2487 | D:4      | Killed Duvessa
  2487 | D:4      | Reached XP level 6. HP: 32/32 MP: 4/14
  2490 | D:4      | Noticed Dowan
  2622 | D:4      | Killed from afar by Dowan

Action                   |  1- 3 |  4- 6 || total
-------------------------+-------+-------++-------
Melee: Unarmed           |     4 |       ||     4
       Dagger            |    26 |    11 ||    37
 Cast: Flame Tongue      |    54 |    56 ||   110
       Throw Flame       |       |     1 ||     1
       Conjure Flame     |       |     2 ||     2
  Use: Potion            |       |     2 ||     2
